 Dungeon Crawl Stone Soup version 0.31-a0-237-g2d982f9f85 (webtiles) character file.

Game seed: 7387810234979441891

337 Ijustatesigmund the Stinger (level 6, -1/38 HPs)
             Began as an Octopode Venom Mage on July 11, 2023.
             Slain by an iguana (12 damage)
             ... on level 5 of the Dungeon.
             The game lasted 00:10:09 (4185 turns).

Ijustatesigmund the Stinger (Octopode Venom Mage)   Turns: 4185, Time: 00:10:10

Health: -1/38      AC:  1    Str:  7    XL:     6   Next: 54%
Magic:  6/11       EV: 13    Int: 20    God:
Gold:   115        SH:  0    Dex: 12    Spells: 2/12 levels left

rFire   . . .        e - +0 trident
rCold   . . .        (no shield)
rNeg    . . .        (helmet restricted)
rPois   .            (no amulet)
rElec   .            (no ring)
rCorr   .            (no ring)
SInv    .            (no ring)
Will    .....        (no ring)
Stlth   +++          (no ring)
HPRegen 0.26/turn    (no ring)
MPRegen 0.12/turn    (no ring)
                     (no ring)

%: no passive effects
@: no status effects
A: almost no armour, amphibious, 8 rings, camouflage 1, gelatinous body 1,
(nimble swimmer 1), tentacles
a: no special abilities


You were on level 5 of the Dungeon.
You visited 1 branch of the dungeon, and saw 5 of its levels.

You collected 288 gold pieces.
You spent 173 gold pieces at shops.

Inventory:

Hand Weapons
 e - a +0 trident (weapon)
Missiles
 g - 2 throwing nets
Armour
 h - a +1 kite shield
Magical Staves
 b - a staff of fire
Scrolls
 c - a scroll of blinking
 d - 2 scrolls of teleportation
 k - 3 scrolls of enchant armour
 l - a scroll of fog
 q - a scroll of fear {unknown}
Potions
 a - a potion of magic
 f - a potion of invisibility
 i - a potion of berserk rage {unknown}
 j - a potion of haste {unknown}
 m - a potion of lignification
 n - 2 potions of might {unknown}
 o - a potion of curing
 p - a potion of brilliance {unknown}
 r - 2 potions of heal wounds


   Skills:
 - Level 1.3 Fighting
 - Level 2.0 Dodging
 - Level 2.6 Stealth
 + Level 3.5 Spellcasting
 + Level 2.5 Conjurations
 - Level 1.0 Transmutations
 + Level 2.5 Air Magic
 + Level 5.4 Poison Magic


You had 2 spell levels left.
You knew the following spells:

 Your Spells              Type           Power      Damage    Failure   Level
a - Sting                 Tmut/Pois      64%        1d6       3%          1
b - Poisonous Vapours     Pois/Air       38%        N/A       4%          2
c - Mephitic Cloud        Conj/Pois/Air  17%        N/A       10%         3
d - Olgreb's Toxic Radia  Pois           25%        N/A       14%         4

Your spell library contained the following spells:

 Spells                   Type           Power      Damage    Failure   Level


Dungeon Overview and Level Annotations

Branches:
Dungeon (5/15)
 Temple: D:4-7

Altars:

Shops:
D:1 !   D:5 ![[

Annotations:
D:3 3 runed translucent doors, British0li's ghost, amateur DsDe; confidenceinterval's ghost, weakling MiHs; crabbyslav's ghost, weakling DsGl; dcssisdead's ghost, weakling DgGl


Innate Abilities, Weirdness & Mutations

You cannot wear most types of armour.
You are amphibious.
You can wear up to eight rings at the same time.
Your skin changes colour to match your surroundings (Stealth+).
Your rubbery body absorbs attacks. (AC +1, EV +1)
((You are camouflaged when in or above water. (Stealth+)))
You have tentacles for arms and can constrict up to eight enemies at once.


Message History

You barely miss the iguana. You grab the iguana.
The iguana is lightly wounded.
You constrict the iguana, but do no damage.
The iguana misses you. The iguana closely misses you.
You hit the iguana.
The iguana is heavily wounded.
You constrict the iguana.
The iguana hisses menacingly.
The iguana struggles to escape constriction.
You hit the iguana but do no damage.
You squeeze the iguana, but do no damage.
The iguana is severely wounded.
You constrict the iguana, but do no damage.
The iguana bites you.
You hit the iguana.
The iguana is severely wounded.
You constrict the iguana. The iguana bites you!
You are too injured to fight recklessly!
You are too injured to fight recklessly!
You are too injured to fight recklessly!
Casting: Poisonous Vapours (safe; 4% risk of failure)
Confirm with . or Enter, or press ? or * to list all spells.
Aiming: Poisonous Vapours (safe; 4% risk of failure)
Press: ? - help, Dir - move target, f - iguana, p - iguana
Aim: an iguana Poisonous vapours surround the iguana!
The iguana is poisoned.
You constrict the iguana. The iguana bites you.
* * * LOW HITPOINT WARNING * * *
You hit the iguana.
You kill the iguana!
The iguana barely misses you.
You barely miss the iguana. You grab the iguana. You squeeze the iguana.
The iguana is heavily wounded.
You constrict the iguana, but do no damage.
The iguana bites you but does no damage.
You hit the iguana but do no damage.
The iguana is heavily wounded.
You constrict the iguana, but do no damage.
The iguana bites you!
You die...

# # .#. #.#..
#.#.# #.#.###
#####
#######l#.#..
.....
.......@#.#.#
#####
....###.#.#.#
.# #
#.#.#.#####
.#####
#.###.........#
......
#......∩#.###.#
.### ###
#########.# ##
#.. ..##.# #.#
#.##.# #####
#.# #.##.#


You could see an iguana (poisoned).

Vanquished Creatures
  A centaur (D:5)
  A hound (D:4)
  An iguana (D:5)
  An orc wizard (D:4)
  2 adders
  7 gnolls
  6 orcs
  5 endoplasms
  8 giant cockroaches
  8 goblins
  7 hobgoblins
  5 jackals
  3 quokkas
  9 ball pythons
  2 bats
  2 frilled lizards
  7 kobolds
  6 rats
81 creatures vanquished.

Notes
Turn   | Place    | Note
-------+----------+-------------------------------------------
     0 | D:1      | Ijustatesigmund the Octopode Venom Mage began the quest for
                  | the Orb.
     0 | D:1      | Reached XP level 1. HP: 11/11 MP: 3/3
   302 | D:1      | Found Gudi's Distillery.
   305 | D:1      | Bought a potion of curing for 33 gold pieces
   332 | D:1      | Reached XP level 2. HP: 18/18 MP: 0/5
   335 | D:1      | Learned a level 2 spell: Poisonous Vapours
   581 | D:1      | Reached skill level 1 in Fighting
   581 | D:1      | Reached skill level 4 in Poison Magic
   813 | D:1      | Reached XP level 3. HP: 23/23 MP: 3/6
   818 | D:1      | Learned a level 3 spell: Mephitic Cloud
  1640 | D:2      | Reached XP level 4. HP: 28/28 MP: 0/8
  1740 | D:2      | Reached skill level 1 in Conjurations
  1740 | D:2      | Reached skill level 1 in Air Magic
  2444 | D:3      | Found a runed translucent gate.
  2445 | D:3      | Found a runed translucent gate.
  2446 | D:3      | Found a runed translucent gate.
  2447 | D:3      | Noticed dcssisdead's ghost (weakling DgGl)
  2448 | D:3      | Noticed crabbyslav's ghost (weakling DsGl)
  2448 | D:3      | Noticed British0li's ghost (amateur DsDe)
  2448 | D:3      | Noticed confidenceinterval's ghost (weakling MiHs)
  2539 | D:3      | Reached XP level 5. HP: 33/33 MP: 0/9
  2772 | D:3      | Found a faded altar of an unknown god.
  3529 | D:4      | Reached skill level 5 in Poison Magic
  3808 | D:4      | Reached XP level 6. HP: 38/38 MP: 5/10
  3813 | D:4      | Learned a level 4 spell: Olgreb's Toxic Radiance
  3913 | D:5      | Entered Level 5 of the Dungeon
  3913 | D:5      | Found Weext's Armour Shoppe.
  4136 | D:5      | Found Mayxkuh's Distillery.
  4142 | D:5      | Bought a potion of heal wounds for 70 gold pieces
  4142 | D:5      | Bought a potion of heal wounds for 70 gold pieces
  4168 | D:5      | Found Womoex's Armour Emporium.
  4185 | D:5      | Slain by an iguana

Illustrated notes

Levels and vault maps discovered:
D:1:      saegor_arrival_fortress, layout_loops_ring, serial_shops,
          nicolae_shop_window_shopping, dreamdust_wishing_well
D:2:      layout_rooms
D:3:      layout_rooms, chequers_ecumenical_altar_island,
          gammafunk_ghost_cemetery
D:4:      layout_rooms, minmay_liquid_box, eino_tiny_chamber
D:5:      layout_loops_ring, eat_drink_and_be_merry_uskayaw,
          portal_sewer_entry_e, serial_shops, nicolae_shop_tiny_statue_garden,
          shop, shop, uniq_pikel, uniq_edmund

Skill      XL: |  1  2  3  4  5 |
---------------+----------------+-----
Fighting       | 1 |  1.3
Poison Magic   | 4 5 |  5.4
Conjurations   | 1 2 |  2.5
Air Magic      | 1 2 |  2.5
Spellcasting   | 3 |  3.5
Dodging        | |  2.0
Stealth        | |  2.6
Transmutations | |  1.0

Action                     |  1- 3 |  4- 6 || total
---------------------------+-------+-------++-------
  Melee: Unarmed           |     4 |       ||     4
         Constrict         |     7 |    15 ||    22
         Tentacles         |     4 |    11 ||    15
         Mace              |    29 |    16 ||    45
         Punch             |     1 |       ||     1
         Trident           |       |    71 ||    71
   Cast: Sting             |    18 |     5 ||    23
         Poisonous Vapours |    22 |    48 ||    70
         Mephitic Cloud    |       |     4 ||     4
    Use: Potion            |     1 |     1 ||     2
         Scroll            |       |     7 ||     7
   Stab: Sleeping          |     1 |       ||     1
         Confused          |       |     1 ||     1
 Armour: Skin              |     1 |    32 ||    33
  Dodge: Dodged            |    16 |    54 ||    70

Table legend: (Time is in decaauts)
 A = Elapsed time spent in this place.
 B = Non-inter-level travel time spent in this place.
 C = Inter-level travel time spent in this place.
 D = Time resting spent in this place.
 E = Time spent auto-exploring this place.
 F = Levels seen in this place.
 G = Mean time per level.
                   A        B        C        D        E       F      G
               +--------+--------+--------+--------+--------+-----+--------+
         Total |   4224 |   4077 |    147 |    742 |   2692 |   5 |  844.8 |
       Dungeon |   4224 |   4077 |    147 |    742 |   2692 |   5 |  844.8 |
               +--------+--------+--------+--------+--------+-----+--------+

Top non-repeatable levels by time:
     D:1: 1248 daAuts
     D:2: 1164 daAuts
     D:3: 780 daAuts
     D:4: 751 daAuts
     D:5: 279 daAuts
